 Dungeon Crawl Stone Soup version 0.29.1-12-g30fa7ad0bf (webtiles) character file.

Game seed: 16919977853297428775

5 Flaz the Trooper (level 1, 19/19 HPs)
             Began as a Ghoul Monk on Jan 14, 2023.
             Safely got out of the dungeon.
             The game lasted 00:01:22 (357 turns).

Flaz the Trooper (Ghoul Monk)                        Turns: 357, Time: 00:01:22

Health: 19/19      AC:  8    Str: 14    XL:     1   Next: 80%
Magic:  0/0        EV:  6    Int:  5    God:
Gold:   0          SH:  0    Dex: 11    Spells: 0/0 levels left

rFire   . . .      SeeInvis .   a - +0 hand axe
rCold   + . .      Faith    .   (no shield)
rNeg    + + +      Spirit   .   b - +0 chain mail
rPois   ∞          Reflect  .   (no helmet)
rElec   .          Harm     .   (no cloak)
rCorr   .          Rampage  .   (no gloves)
Will    .....                   (no boots)
Stlth   ..........              (no amulet)
HPRegen 0.06/turn               (no ring)
MPRegen 0.07/turn               (no ring)

@: no status effects
A: claws 1, cold resistance 1, negative energy resistance 3, inhibited
regeneration, torment resistance 2, devour on kill
a: no special abilities


You escaped.
You visited 1 branch of the dungeon, and saw 1 of its levels.

Inventory:

Hand Weapons
 a - a +0 hand axe (weapon)
Armour
 b - a +0 chain mail (worn)
Scrolls
 d - a scroll of amnesia {unknown}
Potions
 c - a potion of ambrosia
 e - a potion of berserk rage {unknown}


   Skills:
 - Level 3.2 Fighting
 + Level 3.0 Axes
 * Level 0.3 Armour
 - Level 2.6 Dodging
 - Level 2.1 Stealth


You couldn't memorise any spells.
You didn't know any spells.
Your spell library contained the following spells:

 Spells                   Type           Power      Damage    Failure   Level
 Freeze                   Ice            0%         1d3       100%        1
 Frozen Ramparts          Ice            0%         1d1       100%        3
 Hailstorm                Conj/Ice       0%         3d3       100%        4


Dungeon Overview and Level Annotations

Branches:
Dungeon (1/15)

Altars:

Shops:
D:1 [


Innate Abilities, Weirdness & Mutations

You are immune to poison.
You have sharp fingernails.
Your flesh is cold resistant. (rC+)
You are immune to negative energy. (rN+++)
You do not regenerate when monsters are visible.
You are immune to unholy pain and torment.
You thrive by killing the living.


Message History

f - a ring of poison resistance The kobold throws a stone.
The stone closely misses you.
You hit the kobold.
The kobold is moderately wounded.
The kobold hits you but does no damage.
You hit the goblin.
You kill the goblin!
You closely miss the kobold. The kobold hits you but does no damage.
You barely miss the kobold.
The kobold is moderately wounded.
The kobold hits you but does no damage.
You hit the kobold.
You kill the kobold!
A rat comes into view.
Things that are here:
a +0 short sword; 2 stones; a kobold corpse
Things that are here:
a +0 club; a goblin corpse The rat bites you.
You barely miss the rat. The rat bites you but does no damage.
You hit the rat.
The rat is moderately wounded.
The rat bites you but does no damage.
You slash the rat!
You kill the rat!
You feel better.
Your Axes skill increases to level 3!
You see here a rat corpse.
You drop a ring of poison resistance.
You pick up a book of Frost and begin reading...
You add the spells Freeze, Frozen Ramparts and Hailstorm to your library.
Things that are here:
a ring of poison resistance; a rat corpse
There is an open door here.
There is an open door here.
You see here a +0 dagger.
You see here a +0 robe.
There is a staircase leading out of the dungeon here.
Are you sure you want to leave the Dungeon?
This will make you lose the game!
You have escaped!

#####.### #...# #.###
#.......# #♣.♣# #.#
#.#.#.#.# ♣.♣ #.#
#..###..###♣[♣###.#
#####.## ##...#♣.♣#...#
#......###..###♣.♣#####
..###.#.#.#.# ♣.♣ ###
#.##..#.# ♣.♣ #.#.###.#
♣@♣ #...#∩'.# ♣.♣
###.##### ♣.♣ ###. ♣.♣
. ♣.♣ . ♣.♣ .# ♣.♣ ♣.♣


There were no monsters in sight!

Vanquished Creatures
  A goblin (D:1)
  A ball python (D:1)
  2 kobolds (D:1)
  2 rats (D:1)
6 creatures vanquished.

Notes
Turn   | Place    | Note
-------+----------+-------------------------------------------
     0 | D:1      | Flaz the Ghoul Monk began the quest for the Orb.
     0 | D:1      | Reached XP level 1. HP: 19/19 MP: 0/0
   219 | D:1      | Found Sosy Kas's Antique Armour Emporium.
   357 | D:$      | Safely got out of the dungeon.

Illustrated notes

Levels and vault maps discovered:
D:1:      eino_arrival_tree_alley, layout_loops_corners, serial_shops,
          nicolae_shop_window_shopping, hellmonk_ecumenical_altar_arch_garden

Skill      XL: |  1 |
---------------+----+-----
Axes           | 3 |  3.0
Fighting       | |  3.2
Armour         | |  0.3
Dodging        | |  2.6
Stealth        | |  2.1

Action                   || total
-------------------------++-------
Melee: Hand axe          ||    15
 Stab: Sleeping          ||     1
Armor: Chain mail        ||     6
       Leather armour    ||     3
Dodge: Dodged            ||     3
